[Event "DVM U14 2024"]
[Site "Heidelberg"]
[Date "2024.12.29"]
[Round "6"]
[White "Schwitkowski, Luka"]
[Black "Faerber, Anna"]
[Result "1-0"]
[ECO "C02"]
[WhiteElo "2070"]
[BlackElo "1698"]
[Annotator "NA RC"]
[PlyCount "91"]
[EventDate "2024.12.23"]
[EventType "team-tourn"]
[EventRounds "7"]
[EventCountry "GER"]
[SourceTitle "playchess.com"]
[Source "ChessBase"]
[SourceQuality "1"]
[TimeControl "40/5400+30:1800+30"]

1. e4 e6 2. d4 d5 3. e5 c5 4. c3 Qb6 5. Nf3 Nc6 6. a3 Nh6 7. Bd3 Nf5 8. O-O cxd4 9. Bxf5 exf5 10. cxd4 Be6 11. Nc3 Be7 12. Qd3 h6 13. Na4 Qc7 14. Be3 O-O 15. b4 b6 16. Rfc1 Qd7 17. Nc3 Rfc8 18. h4 Nd8 19. Qa6 Nc6 20. Qd3 Nd8 21. Qa6 Nc6 22. g3 Nb8 23. Qd3 Nc6 24. Qa6 Nb8 25. Qd3 Nc6 26. Kg2 Nd8 27. Qa6 Nc6 28. Qd3 Rd8 29. Ne2 Rac8 30. Nf4 Rc7 31. Qd2 Kh7 32. Nh5 Rg8 33. Rh1 Qd8 34. Rac1 Rc8 35. Ng5+ Kh8 36. Nxe6 fxe6 37. Bxh6 Kh7 38. Bg5 Qe8 39. Nf4 Qd7 40. Qe2 Rh8 41. Bxe7 Nxe7 42. Rxc8 Qxc8 43. Qh5+ Kg8 44. Qg5 Qb7 45. Nxe6 Nc6 46. Rc1 1-0

[Event "DVM U14 2024"]
[Site "Heidelberg"]
[Date "2024.12.29"]
[Round "6"]
[White "Klein, Levent"]
[Black "Marcziter, Alex"]
[Result "1/2-1/2"]
[ECO "E94"]
[WhiteElo "1985"]
[BlackElo "2017"]
[Annotator "NA RC"]
[PlyCount "55"]
[EventDate "2024.12.23"]
[EventType "team-tourn"]
[EventRounds "7"]
[EventCountry "GER"]
[SourceTitle "playchess.com"]
[Source "ChessBase"]
[SourceQuality "1"]
[TimeControl "40/5400+30:1800+30"]

1. d4 Nf6 2. c4 g6 3. Nc3 Bg7 4. e4 d6 5. Nf3 O-O 6. Be2 Nbd7 7. O-O e5 8. d5 Nc5 9. Qc2 a5 10. Be3 Ne8 11. Nd2 f5 12. f3 f4 13. Bf2 g5 14. a3 h5 15. b4 Na6 16. Rab1 g4 17. b5 Nc5 18. Bxc5 dxc5 19. b6 g3 20. h3 Nd6 21. Rfc1 Qh4 22. Bf1 Rf6 23. Nb5 Nf7 24. Nxc7 Rg6 25. Ne6 Bxe6 26. dxe6 Nd8 27. Rb5 Nxe6 28. Nb3 1/2-1/2

[Event "DVM U14 2024"]
[Site "Heidelberg"]
[Date "2024.12.29"]
[Round "6"]
[White "Hempel, Lorenz"]
[Black "Ollhoff, Hannes"]
[Result "1-0"]
[ECO "C07"]
[WhiteElo "1960"]
[BlackElo "1801"]
[Annotator "RC"]
[PlyCount "101"]
[EventDate "2024.12.23"]
[EventType "team-tourn"]
[EventRounds "7"]
[EventCountry "GER"]
[SourceTitle "playchess.com"]
[Source "ChessBase"]
[SourceQuality "1"]
[TimeControl "40/5400+30:1800+30"]

1. e4 e6 2. d4 d5 3. Nd2 c5 4. Ngf3 cxd4 5. exd5 Qxd5 6. Bc4 Qd8 7. O-O Nf6 8. Nb3 Be7 9. Nbxd4 O-O 10. Qe2 a6 11. Bf4 b5 12. Bb3 Bb7 13. a4 b4 14. Rad1 Qb6 15. Ne5 Nc6 16. Ndxc6 Bxc6 17. Nxc6 Qxc6 18. Rd2 Rfd8 19. Rfd1 h6 20. Qc4 Qxc4 21. Bxc4 a5 22. Rxd8+ Rxd8 23. Rxd8+ Bxd8 24. Be3 Nd5 25. Bxd5 exd5 26. Kf1 Kf8 27. Ke2 Ke7 28. Kd3 Ke6 29. Bd4 g6 30. c3 bxc3 31. Bxc3 Bb6 32. f3 Kd6 33. b4 axb4 34. Bxb4+ Kc6 35. g4 f5 36. gxf5 gxf5 37. h3 h5 38. Bc3 Bd8 39. Bb4 Bb6 40. a5 Ba7 41. Bc3 Kb5 42. Bd4 Bb8 43. Bb6 Be5 44. Bd4 Bb8 45. Bc3 Ba7 46. Bd2 Bb8 47. Kd4 Kc6 48. a6 Bc7 49. Bc3 f4 50. Kd3 Kb6 51. Ba5+ 1-0

[Event "DVM U14 2024"]
[Site "Heidelberg"]
[Date "2024.12.29"]
[Round "6"]
[White "Bauer, Laura Sophie"]
[Black "Retzlaff, Kian"]
[Result "0-1"]
[ECO "B90"]
[WhiteElo "1926"]
[BlackElo "1826"]
[Annotator "NA RC"]
[PlyCount "74"]
[EventDate "2024.12.23"]
[EventType "team-tourn"]
[EventRounds "7"]
[EventCountry "GER"]
[SourceTitle "playchess.com"]
[Source "ChessBase"]
[SourceQuality "1"]
[TimeControl "40/5400+30:1800+30"]

1. e4 c5 2. Nf3 d6 3. d4 cxd4 4. Nxd4 Nf6 5. Nc3 a6 6. Bd3 e5 7. Nde2 Be7 8. O-O O-O 9. Ng3 Be6 10. Nd5 Bxd5 11. exd5 g6 12. c4 Re8 13. Re1 Nbd7 14. Bd2 Bf8 15. Bc3 Rc8 16. Rc1 Bg7 17. b3 h5 18. h3 h4 19. Nf1 Nh5 20. Bd2 Qf6 21. Nh2 Nf4 22. Bxf4 Qxf4 23. Re4 Qf6 24. b4 Qd8 25. Re1 Nf6 26. Be2 e4 27. Qb3 Bh6 28. Rc2 e3 29. f3 Bf4 30. Nf1 Nh5 31. Bd1 Qg5 32. Rc3 Re5 33. Be2 Rce8 34. b5 Ng3 35. Nh2 Ne4 36. Rcc1 Qg3 37. Ng4 Nf2 0-1

[Event "DVM U14 2024"]
[Site "Heidelberg"]
[Date "2024.12.29"]
[Round "6"]
[White "Neumeier, Valentina"]
[Black "Bodriyenko, Daniel"]
[Result "1-0"]
[ECO "C54"]
[WhiteElo "1877"]
[BlackElo "1694"]
[Annotator "NA RC"]
[PlyCount "87"]
[EventDate "2024.12.23"]
[EventType "team-tourn"]
[EventRounds "7"]
[EventCountry "GER"]
[SourceTitle "playchess.com"]
[Source "ChessBase"]
[SourceQuality "1"]
[TimeControl "40/5400+30:1800+30"]

1. e4 e5 2. Nf3 Nc6 3. Bc4 Nf6 4. d3 Bc5 5. c3 d6 6. Nbd2 O-O 7. O-O Re8 8. Re1 Bd7 9. b4 Bb6 10. a4 a6 11. Nf1 h6 12. Ng3 Ne7 13. Qb3 Rf8 14. d4 Ng6 15. h3 Qe7 16. Nf5 Qe8 17. Qc2 Rd8 18. N3h4 Nxh4 19. Nxh4 Kh7 20. Be3 Be6 21. Bd3 c6 22. a5 Bc7 23. d5 Bd7 24. c4 Qe7 25. Nf3 Rc8 26. Qe2 Kg8 27. Nd2 Rfe8 28. f4 Nh7 29. Rf1 f6 30. f5 Qf7 31. Qg4 cxd5 32. exd5 Kh8 33. h4 Re7 34. Ne4 Be8 35. Be2 Rd8 36. Rfd1 Nf8 37. c5 Bb5 38. Bxb5 axb5 39. cxd6 Bxd6 40. Nxd6 Rxd6 41. Bc5 Red7 42. Bxd6 Rxd6 43. Qe4 Nd7 44. Rac1 1-0

[Event "DVM U14 2024"]
[Site "Heidelberg"]
[Date "2024.12.29"]
[Round "6"]
[White "Haertel, Leon"]
[Black "Kalinski, Jan"]
[Result "1-0"]
[ECO "A57"]
[WhiteElo "1839"]
[BlackElo "1700"]
[Annotator "NA RC"]
[PlyCount "83"]
[EventDate "2024.12.23"]
[EventType "team-tourn"]
[EventRounds "7"]
[EventCountry "GER"]
[SourceTitle "playchess.com"]
[Source "ChessBase"]
[SourceQuality "1"]
[TimeControl "40/5400+30:1800+30"]

1. d4 Nf6 2. c4 c5 3. d5 b5 4. Qc2 b4 5. e4 d6 6. f4 Nbd7 7. Nf3 Qc7 8. Bd3 g6 9. O-O Bg7 10. h3 h5 11. e5 dxe5 12. Bxg6 e4 13. Bxe4 Nxe4 14. Qxe4 Nf6 15. Qd3 O-O 16. Ne5 Rd8 17. Qe3 Bf5 18. Nd2 e6 19. dxe6 fxe6 20. b3 Nd7 21. Bb2 Nxe5 22. Bxe5 Bxe5 23. fxe5 Qg7 24. Rxf5 exf5 25. Rf1 Rf8 26. Qxc5 a5 27. Nf3 Qa7 28. Qxa7 Rxa7 29. Rd1 a4 30. Rd3 axb3 31. axb3 Rc8 32. Kf2 Ra3 33. Ke3 Ra2 34. Nd2 Ra5 35. Kf4 Re8 36. Nf3 Ra2 37. g3 Re2 38. Kxf5 Rf8+ 39. Kg6 Rg2 40. Ng5 Re2 41. e6 Ref2 42. e7 1-0

[Event "DVM U14 2024"]
[Site "Heidelberg"]
[Date "2024.12.29"]
[Round "6"]
[White "Geschke, David"]
[Black "Steinbrenner, Peter"]
[Result "1-0"]
[ECO "E38"]
[WhiteElo "1831"]
[BlackElo "1946"]
[Annotator "RC"]
[PlyCount "123"]
[EventDate "2024.12.23"]
[EventType "team-tourn"]
[EventRounds "7"]
[EventCountry "GER"]
[SourceTitle "playchess.com"]
[Source "ChessBase"]
[SourceQuality "1"]
[TimeControl "40/5400+30:1800+30"]

1. d4 Nf6 2. c4 e6 3. Nc3 Bb4 4. Qc2 c5 5. e3 d5 6. Nf3 Nc6 7. cxd5 exd5 8. Bd3 Bg4 9. dxc5 O-O 10. Nd4 Ne5 11. O-O Bxc5 12. h3 Bh5 13. Re1 Rc8 14. Bf5 Bg6 15. Bxg6 hxg6 16. Qe2 Re8 17. Rd1 Bb4 18. Bd2 Nc4 19. Be1 a6 20. Rac1 Ne5 21. a3 Bc5 22. b4 Ba7 23. Qb2 Nc4 24. Qb3 b5 25. Nce2 Qd6 26. Bc3 Bb8 27. Nf3 Ne4 28. Ned4 Rcd8 29. Ra1 Nxf2 30. Kxf2 Nxe3 31. Rd2 Qg3+ 32. Kg1 Nc4 33. Re2 Bf4 34. Be1 Be3+ 35. Kh1 Qf4 36. Nc2 d4 37. Nxe3 Rxe3 38. Rxe3 dxe3 39. Ra2 Nd2 40. Bxd2 exd2 41. Qd1 Rd3 42. Rxd2 Rxa3 43. Rd8+ Kh7 44. Rd4 Qf6 45. Qd2 Rxf3 46. gxf3 Qxf3+ 47. Kh2 Qa8 48. Qf4 f6 49. Qe4 Qb8+ 50. Kg2 Qc7 51. Qd3 Qc6+ 52. Kf2 Qb6 53. Ke2 Qe6+ 54. Kd1 Qe5 55. Kc2 Qe7 56. h4 Qf7 57. Rd5 f5 58. h5 Qc7+ 59. Kb3 gxh5 60. Qxf5+ Kg8 61. Qe6+ Qf7 62. Rd8+ 1-0

[Event "DVM U14 2024"]
[Site "Heidelberg"]
[Date "2024.12.29"]
[Round "6"]
[White "Arne, Jonas"]
[Black "Fischermann, Simon"]
[Result "1/2-1/2"]
[ECO "A04"]
[WhiteElo "1823"]
[BlackElo "1899"]
[Annotator "NA RC"]
[PlyCount "42"]
[EventDate "2024.12.23"]
[EventType "team-tourn"]
[EventRounds "7"]
[EventCountry "GER"]
[SourceTitle "playchess.com"]
[Source "ChessBase"]
[SourceQuality "1"]
[TimeControl "40/5400+30:1800+30"]

1. d4 Nf6 2. Nf3 g6 3. g3 Bg7 4. Bg2 O-O 5. O-O c5 6. c4 cxd4 7. Nxd4 Nc6 8. Nxc6 bxc6 9. Nc3 Ba6 10. Qa4 Qc8 11. Bf4 Bb7 12. Rac1 c5 13. e4 Nh5 14. Be3 d6 15. Qc2 Rb8 16. b3 Nf6 17. Nd5 Qe6 18. Bg5 Bxd5 19. exd5 Qd7 20. Rfe1 Rfe8 21. h3 a5 1/2-1/2

[Event "DVM U14 2024"]
[Site "Heidelberg"]
[Date "2024.12.29"]
[Round "6"]
[White "Ahryzkov, Ivan"]
[Black "Yang, Sophie"]
[Result "1-0"]
[ECO "C06"]
[WhiteElo "1813"]
[BlackElo "1547"]
[Annotator "NA RC"]
[PlyCount "79"]
[EventDate "2024.12.23"]
[EventType "team-tourn"]
[EventRounds "7"]
[EventCountry "GER"]
[SourceTitle "playchess.com"]
[Source "ChessBase"]
[SourceQuality "1"]
[TimeControl "40/5400+30:1800+30"]

1. e4 e6 2. d4 d5 3. Nd2 Nf6 4. e5 Nfd7 5. Ndf3 c5 6. c3 Nc6 7. Bd3 Qb6 8. Ne2 f6 9. exf6 Nxf6 10. O-O Bd6 11. Ng3 O-O 12. Re1 h6 13. Bb1 cxd4 14. cxd4 Re8 15. b3 e5 16. Bg6 Re7 17. dxe5 Nxe5 18. Nxe5 Rxe5 19. Be3 Qc7 20. Rc1 Qd8 21. Qd4 b6 22. f4 Re7 23. Nh5 Nxh5 24. Qxd5+ Kh8 25. Qxa8 Rc7 26. Rxc7 Bxc7 27. Bxh5 Qd7 28. Bf2 Kh7 29. Qe4+ Kh8 30. Qe8+ Qxe8 31. Rxe8+ Kh7 32. Rxc8 Bxf4 33. Ra8 a5 34. Bd4 Bd6 35. Ra7 Bf8 36. Bxb6 Kg8 37. Bg6 h5 38. Ra8 h4 39. Bc5 h3 40. Rxf8# 1-0

[Event "DVM U14 2024"]
[Site "Heidelberg"]
[Date "2024.12.29"]
[Round "6"]
[White "Gundermann, Mika Oleg"]
[Black "Nawrath, Lars"]
[Result "1-0"]
[ECO "D00"]
[WhiteElo "1798"]
[BlackElo "1189"]
[Annotator "NA RC"]
[PlyCount "52"]
[EventDate "2024.12.23"]
[EventType "team-tourn"]
[EventRounds "7"]
[EventCountry "GER"]
[SourceTitle "playchess.com"]
[Source "ChessBase"]
[SourceQuality "1"]
[TimeControl "40/5400+30:1800+30"]

1. d4 Nf6 2. Nc3 d5 3. Bf4 Bf5 4. f3 e6 5. g4 Bg6 6. h4 h6 7. e3 c5 8. Bd3 Bxd3 9. Qxd3 Nc6 10. Nge2 Qb6 11. O-O-O O-O-O 12. dxc5 Bxc5 13. Na4 Qa5 14. Nxc5 Qxc5 15. Nd4 Na5 16. Qb5 Qxb5 17. Nxb5 Nc6 18. Nd6+ Rxd6 19. Bxd6 Kd7 20. Bg3 Rc8 21. a3 Na5 22. e4 Ke7 23. exd5 Nxd5 24. Rhe1 a6 25. Rxd5 b5 26. Rd3 Rc6 1-0

[Event "DVM U14 2024"]
[Site "Heidelberg"]
[Date "2024.12.29"]
[Round "6"]
[White "Allen, Phillipp"]
[Black "Yan, Haichen"]
[Result "1/2-1/2"]
[ECO "A33"]
[WhiteElo "1793"]
[BlackElo "1732"]
[Annotator "NA RC"]
[PlyCount "101"]
[EventDate "2024.12.23"]
[EventType "team-tourn"]
[EventRounds "7"]
[EventCountry "GER"]
[SourceTitle "playchess.com"]
[Source "ChessBase"]
[SourceQuality "1"]
[TimeControl "40/5400+30:1800+30"]

1. e4 c5 2. c4 Nc6 3. Nc3 e6 4. g3 Nf6 5. Bg2 Be7 6. Nge2 O-O 7. O-O d6 8. d4 cxd4 9. Nxd4 e5 10. Nc2 Be6 11. b3 Qd7 12. Ba3 a6 13. Qe2 Qc7 14. Rac1 Rfd8 15. Nd5 Bxd5 16. cxd5 Na7 17. Ne3 Qd7 18. Nc4 Rab8 19. Nb6 Qb5 20. Qxb5 Nxb5 21. Bb2 Nd7 22. Nxd7 Rxd7 23. a4 Nd4 24. Bxd4 exd4 25. Bh3 Rdd8 26. Rc7 Bf6 27. Rfc1 g6 28. Rc8 Kg7 29. Rxb8 Rxb8 30. Rc8 Rxc8 31. Bxc8 d3 32. Kf1 a5 33. Bxb7 Bc3 34. Ba6 d2 35. Ke2 Kf6 36. f4 g5 37. fxg5+ Kxg5 38. e5 dxe5 39. d6 Kf6 40. Bc8 Bb4 41. Bg4 Bxd6 42. Kxd2 Kg5 43. Bd1 f5 44. h4+ Kf6 45. g4 h6 46. gxf5 Kxf5 47. h5 e4 48. Be2 Bb4+ 49. Ke3 Bc5+ 50. Kd2 Bb4+ 51. Ke3 1/2-1/2

[Event "DVM U14 2024"]
[Site "Heidelberg"]
[Date "2024.12.29"]
[Round "6"]
[White "Fridlin, Daniel"]
[Black "Li, Xiao Teng"]
[Result "1-0"]
[ECO "C47"]
[WhiteElo "1789"]
[BlackElo "1661"]
[Annotator "NA RC"]
[PlyCount "77"]
[EventDate "2024.12.23"]
[EventType "team-tourn"]
[EventRounds "7"]
[EventCountry "GER"]
[SourceTitle "playchess.com"]
[Source "ChessBase"]
[SourceQuality "1"]
[TimeControl "40/5400+30:1800+30"]

1. e4 e5 2. Nf3 Nc6 3. Nc3 Nf6 4. d4 exd4 5. Nxd4 Bb4 6. Nxc6 bxc6 7. Bd3 h6 8. O-O d6 9. h3 O-O 10. Qf3 Bd7 11. Bf4 Re8 12. a3 Bc5 13. Rfe1 Rb8 14. e5 dxe5 15. Bxe5 Bd6 16. Bxd6 cxd6 17. b4 d5 18. Na4 a5 19. c3 Re7 20. Rxe7 Qxe7 21. bxa5 c5 22. Nb6 c4 23. Bf5 Bxf5 24. Qxf5 Qc5 25. Qe5 Re8 26. Nd7 Qc6 27. Nxf6+ gxf6 28. Qf4 Kg7 29. Rd1 Qa8 30. Qg4+ Kh7 31. Qf5+ Kg7 32. Rxd5 Qb8 33. g3 Re1+ 34. Kh2 Qb2 35. Rd6 Qxc3 36. Qg4+ Kh7 37. Rd8 Rh1+ 38. Kxh1 Qe1+ 39. Kg2 1-0

[Event "DVM U14 2024"]
[Site "Heidelberg"]
[Date "2024.12.29"]
[Round "6"]
[White "Botschek, Marius"]
[Black "Riechenberg, Sebastian"]
[Result "0-1"]
[ECO "B23"]
[WhiteElo "1788"]
[BlackElo "2041"]
[Annotator "NA RC"]
[PlyCount "67"]
[EventDate "2024.12.23"]
[EventType "team-tourn"]
[EventRounds "7"]
[EventCountry "GER"]
[SourceTitle "playchess.com"]
[Source "ChessBase"]
[SourceQuality "1"]
[TimeControl "40/5400+30:1800+30"]

1. e4 c5 2. Nc3 d6 3. f4 g6 4. Nf3 Bg7 5. Bc4 Nc6 6. O-O e6 7. d3 Nge7 8. Qe1 O-O 9. f5 gxf5 10. Qh4 fxe4 11. Nxe4 Nf5 12. Qh5 d5 13. Neg5 h6 14. g4 Nfd4 15. Bb3 f6 16. Nxd4 Nxd4 17. Nf3 Ne2+ 18. Kh1 Nxc1 19. Raxc1 Qe8 20. Qh4 Bd7 21. Rce1 Qg6 22. Rg1 Rae8 23. Qf2 b6 24. h4 Bc6 25. h5 Qf7 26. c3 e5 27. Kh2 f5 28. Bd1 e4 29. Nh4 fxg4 30. Qxf7+ Rxf7 31. Rxg4 exd3 32. Reg1 Kh7 33. Nf5 Be5+ 34. Kh3 0-1

[Event "DVM U14 2024"]
[Site "Heidelberg"]
[Date "2024.12.29"]
[Round "6"]
[White "Shevchenko, Igor"]
[Black "Bock, Leonas"]
[Result "1-0"]
[ECO "D46"]
[WhiteElo "1788"]
[BlackElo "1668"]
[Annotator "NA RC"]
[PlyCount "77"]
[EventDate "2024.12.23"]
[EventType "team-tourn"]
[EventRounds "7"]
[EventCountry "GER"]
[SourceTitle "playchess.com"]
[Source "ChessBase"]
[SourceQuality "1"]
[TimeControl "40/5400+30:1800+30"]

1. d4 d5 2. c4 c6 3. Nc3 Nf6 4. e3 e6 5. Nf3 Bd6 6. Bd3 Nbd7 7. O-O O-O 8. e4 dxe4 9. Nxe4 Nxe4 10. Bxe4 Nf6 11. Bc2 h6 12. b3 Re8 13. Bb2 b5 14. Qd3 bxc4 15. bxc4 Ba6 16. Rfe1 Rb8 17. Rab1 Rb4 18. Bb3 Qb8 19. Qc3 Bc7 20. Ne5 Bxe5 21. Rxe5 Ng4 22. Rh5 g6 23. Rh4 h5 24. Re1 Bxc4 25. Ba3 Qf4 26. Rxg4 Rxb3 27. axb3 hxg4 28. bxc4 Kh7 29. Bb2 Rf8 30. d5 f6 31. dxe6 Qd6 32. Ba3 c5 33. Bb2 g5 34. e7 Re8 35. Qxf6 Qxf6 36. Bxf6 Kg6 37. Re6 Kf7 38. Rd6 Rb8 39. g3 1-0

[Event "DVM U14 2024"]
[Site "Heidelberg"]
[Date "2024.12.29"]
[Round "6"]
[White "Meijers, Janis"]
[Black "Rodriguez Klasen, Ennio"]
[Result "0-1"]
[ECO "A59"]
[WhiteElo "1783"]
[BlackElo "1870"]
[Annotator "NA RC"]
[PlyCount "92"]
[EventDate "2024.12.23"]
[EventType "team-tourn"]
[EventRounds "7"]
[EventCountry "GER"]
[SourceTitle "playchess.com"]
[Source "ChessBase"]
[SourceQuality "1"]
[TimeControl "40/5400+30:1800+30"]

1. d4 Nf6 2. c4 c5 3. d5 b5 4. cxb5 a6 5. bxa6 g6 6. Nc3 Bxa6 7. e4 Bxf1 8. Kxf1 d6 9. Nf3 Bg7 10. g3 O-O 11. Kg2 Nbd7 12. Qc2 Qc7 13. Nb5 Qb7 14. a4 Rfc8 15. Ra3 c4 16. Be3 Nc5 17. Bxc5 Rxc5 18. Nfd4 Rac8 19. Nc6 Nxd5 20. exd5 Rxd5 21. Nba7 Rxc6 22. Nxc6 Qxc6 23. f3 Qb6 24. Rf1 Bxb2 25. Ra2 c3 26. Rf2 Qb4 27. a5 Rxa5 28. Rxa5 Qxa5 29. Qe4 Qc7 30. Rc2 Qa7 31. f4 e6 32. g4 d5 33. Qd3 Qa4 34. Rf2 Qa8 35. h4 d4+ 36. Kg3 Qd5 37. f5 Ba3 38. fxe6 Bd6+ 39. Rf4 Bxf4+ 40. Kxf4 Qxe6 41. Qxd4 c2 42. Qc3 Qd6+ 43. Ke4 Qe7+ 44. Kf3 Qxh4 45. Qc8+ Kg7 46. Qc3+ Qf6+ 0-1

[Event "DVM U14 2024"]
[Site "Heidelberg"]
[Date "2024.12.29"]
[Round "6"]
[White "Kommessin, Felix"]
[Black "Kaplan, Arne"]
[Result "1/2-1/2"]
[ECO "B22"]
[WhiteElo "1757"]
[BlackElo "1710"]
[Annotator "NA RC"]
[PlyCount "69"]
[EventDate "2024.12.23"]
[EventType "team-tourn"]
[EventRounds "7"]
[EventCountry "GER"]
[SourceTitle "playchess.com"]
[Source "ChessBase"]
[SourceQuality "1"]
[TimeControl "40/5400+30:1800+30"]

1. e4 c5 2. d4 cxd4 3. c3 Nf6 4. e5 Nd5 5. Nf3 d6 6. exd6 Qxd6 7. cxd4 Nc6 8. Be2 Bg4 9. O-O e6 10. Nc3 Be7 11. a3 O-O 12. h3 Bh5 13. Ne4 Qd8 14. Ng3 Bg6 15. Bd3 Bxd3 16. Qxd3 Qb6 17. b4 a6 18. Ne4 Rfd8 19. Rd1 Nf6 20. Bg5 Nxe4 21. Qxe4 h6 22. Be3 Rd5 23. Ne5 Rad8 24. Nxc6 Qxc6 25. Rac1 Qb6 26. Rc4 a5 27. bxa5 Qxa5 28. a4 Bf6 29. Rd2 Qa6 30. Rb4 Ra5 31. Ra2 Rad5 32. Rd2 Be7 33. Rbb2 Qxa4 34. Rxb7 Bf6 35. Rb1 1/2-1/2

[Event "DVM U14 2024"]
[Site "Heidelberg"]
[Date "2024.12.29"]
[Round "6"]
[White "Han, Erdem"]
[Black "Noennig, Jakob"]
[Result "0-1"]
[ECO "D37"]
[WhiteElo "1751"]
[BlackElo "2065"]
[Annotator "NA RC"]
[PlyCount "84"]
[EventDate "2024.12.23"]
[EventType "team-tourn"]
[EventRounds "7"]
[EventCountry "GER"]
[SourceTitle "playchess.com"]
[Source "ChessBase"]
[SourceQuality "1"]
[TimeControl "40/5400+30:1800+30"]

1. d4 d5 2. c4 e6 3. Nc3 Nf6 4. Nf3 Be7 5. Bf4 O-O 6. c5 c6 7. e3 Nbd7 8. h3 Ne4 9. Qc2 f5 10. Bd3 Ndf6 11. O-O Qe8 12. b4 Kh8 13. a4 Rg8 14. Bxe4 fxe4 15. Ne5 Bd7 16. Rfb1 g5 17. Bh2 g4 18. hxg4 Nxg4 19. Nxg4 Rxg4 20. Be5+ Kg8 21. b5 Qg6 22. g3 Rf8 23. Ne2 h5 24. Nf4 Qf5 25. bxc6 Bxc6 26. Kf1 Rf7 27. Ke2 Rh7 28. Rh1 Kf8 29. Rh2 Rg5 30. Rah1 Bd8 31. Rh4 Qf7 32. Ke1 Rxe5 33. dxe5 Bxh4 34. Rxh4 Qf5 35. Qd1 Be8 36. g4 Qxe5 37. gxh5 Ke7 38. Qb3 Kd8 39. Qb4 Qa1+ 40. Ke2 Kc8 41. h6 Bxa4 42. Qd2 Bb5+ 0-1

[Event "DVM U14 2024"]
[Site "Heidelberg"]
[Date "2024.12.29"]
[Round "6"]
[White "Muller, Anker"]
[Black "Kovalyov, Dima"]
[Result "1/2-1/2"]
[ECO "B10"]
[WhiteElo "1744"]
[BlackElo "1829"]
[Annotator "NA RC"]
[PlyCount "55"]
[EventDate "2024.12.23"]
[EventType "team-tourn"]
[EventRounds "7"]
[EventCountry "GER"]
[SourceTitle "playchess.com"]
[Source "ChessBase"]
[SourceQuality "1"]
[TimeControl "40/5400+30:1800+30"]

1. e4 c6 2. Nf3 d5 3. exd5 cxd5 4. Ne5 Nc6 5. Bb5 Bd7 6. Bxc6 Bxc6 7. d4 Nf6 8. O-O e6 9. c3 Bd6 10. Bg5 Qc7 11. Bf4 O-O 12. Nd2 Nd7 13. Nxd7 Qxd7 14. Bxd6 Qxd6 15. Nf3 Rfe8 16. Re1 f6 17. Qc2 e5 18. dxe5 fxe5 19. Rad1 Qf6 20. Re3 Re7 21. Rde1 Rae8 22. Qe2 e4 23. Nd4 Re5 24. h3 Rf8 25. Rf1 Qg6 26. Rg3 Qf6 27. Qe3 Qf4 28. Nxc6 1/2-1/2

[Event "DVM U14 2024"]
[Site "Heidelberg"]
[Date "2024.12.29"]
[Round "6"]
[White "Dersewski, Jonas"]
[Black "Glavev, Danail"]
[Result "1/2-1/2"]
[ECO "C44"]
[WhiteElo "1738"]
[BlackElo "1690"]
[Annotator "NA RC"]
[PlyCount "44"]
[EventDate "2024.12.23"]
[EventType "team-tourn"]
[EventRounds "7"]
[EventCountry "GER"]
[SourceTitle "playchess.com"]
[Source "ChessBase"]
[SourceQuality "1"]
[TimeControl "40/5400+30:1800+30"]

1. e4 e5 2. Nf3 Nc6 3. c3 Bc5 4. d4 exd4 5. cxd4 Bb4+ 6. Nc3 d6 7. d5 Bxc3+ 8. bxc3 Ne5 9. Nxe5 dxe5 10. Be3 Ne7 11. Bd3 O-O 12. O-O f5 13. f3 f4 14. Bf2 b6 15. c4 c5 16. dxc6 Nxc6 17. c5 bxc5 18. Bxc5 Re8 19. Bb5 Qxd1 20. Rfxd1 Bb7 21. Rd7 Na5 22. Bb4 Bc6 1/2-1/2

[Event "DVM U14 2024"]
[Site "Heidelberg"]
[Date "2024.12.29"]
[Round "6"]
[White "Geschke, Jonathan"]
[Black "Hahn, Julian"]
[Result "0-1"]
[ECO "C54"]
[WhiteElo "1698"]
[BlackElo "1727"]
[Annotator "NA RC"]
[PlyCount "64"]
[EventDate "2024.12.23"]
[EventType "team-tourn"]
[EventRounds "7"]
[EventCountry "GER"]
[SourceTitle "playchess.com"]
[Source "ChessBase"]
[SourceQuality "1"]
[TimeControl "40/5400+30:1800+30"]

1. e4 e5 2. Nf3 Nc6 3. Bc4 Bc5 4. c3 Nf6 5. d4 exd4 6. e5 d5 7. Bb5 Ne4 8. cxd4 Bb4+ 9. Bd2 Nxd2 10. Nbxd2 Bg4 11. Qa4 Bxd2+ 12. Nxd2 Bd7 13. Bxc6 Bxc6 14. Qb4 a5 15. Qc3 Qg5 16. O-O O-O 17. Nb3 a4 18. Nc5 Rfe8 19. f4 Qf5 20. Rac1 Bb5 21. Rf3 b6 22. Nd3 c6 23. Nb4 Re6 24. a3 Bc4 25. Nc2 Bb5 26. Ne3 Qe4 27. f5 Rh6 28. Rg3 Re8 29. Ng4 Qf4 30. Nxh6+ Qxh6 31. Qe3 Qh4 32. Qg5 Qxd4+ 0-1

[Event "DVM U14 2024"]
[Site "Heidelberg"]
[Date "2024.12.29"]
[Round "6"]
[White "Hasanovic, Arian"]
[Black "Sitnik, Arthur"]
[Result "1-0"]
[ECO "C56"]
[WhiteElo "1685"]
[BlackElo "1668"]
[Annotator "NA RC"]
[PlyCount "115"]
[EventDate "2024.12.23"]
[EventType "team-tourn"]
[EventRounds "7"]
[EventCountry "GER"]
[SourceTitle "playchess.com"]
[Source "ChessBase"]
[SourceQuality "1"]
[TimeControl "40/5400+30:1800+30"]

1. e4 e5 2. Nf3 Nc6 3. Bc4 Bc5 4. c3 Nf6 5. d4 exd4 6. O-O Nxe4 7. cxd4 Bb4 8. d5 Ne7 9. a3 Bc5 10. b4 Bb6 11. Bd3 Nf6 12. d6 cxd6 13. Bg5 O-O 14. Bxf6 gxf6 15. Qd2 d5 16. Qh6 Ng6 17. Nc3 d4 18. Nd5 d6 19. Nf4 Bg4 20. h3 Bxf3 21. gxf3 Kh8 22. Bxg6 fxg6 23. Nxg6+ Kg8 24. Qxf8+ Qxf8 25. Nxf8 Kxf8 26. Rfe1 Re8 27. Rxe8+ Kxe8 28. Kf1 Kf7 29. Re1 a6 30. Rc1 Ke6 31. Rc8 Kf5 32. Rb8 d3 33. Ke1 Kf4 34. Rxb7 Bd4 35. Kd2 Kxf3 36. Kxd3 Bxf2 37. Rf7 Bh4 38. Rxh7 Kg3 39. Rd7 Kxh3 40. Rxd6 f5 41. Rg6 f4 42. Ke4 Bg3 43. Kf3 Kh4 44. Rxa6 Kg5 45. b5 Be1 46. b6 Bc3 47. b7 Be5 48. Ra5 Kf6 49. Rxe5 Kxe5 50. b8=Q+ Kd4 51. Qxf4+ Kc3 52. Qd6 Kc4 53. Ke4 Kb5 54. Qc7 Ka6 55. Qb8 Ka5 56. Kd5 Ka6 57. a4 Ka5 58. Qb5# 1-0

[Event "DVM U14 2024"]
[Site "Heidelberg"]
[Date "2024.12.29"]
[Round "6"]
[White "Mueller, Maximilian"]
[Black "Zielke, Constantin"]
[Result "0-1"]
[ECO "D02"]
[WhiteElo "1679"]
[BlackElo "1543"]
[Annotator "NA RC"]
[PlyCount "56"]
[EventDate "2024.12.23"]
[EventType "team-tourn"]
[EventRounds "7"]
[EventCountry "GER"]
[SourceTitle "playchess.com"]
[Source "ChessBase"]
[SourceQuality "1"]
[TimeControl "40/5400+30:1800+30"]

1. d4 d5 2. Bf4 Nf6 3. Nf3 Bf5 4. e3 e6 5. Bd3 Bg6 6. Bxg6 hxg6 7. h3 Bd6 8. Bxd6 Qxd6 9. Nbd2 Nbd7 10. c3 e5 11. dxe5 Nxe5 12. Nxe5 Qxe5 13. Nf3 Qe6 14. Qd3 O-O-O 15. a3 Nd7 16. b4 f5 17. O-O Rh5 18. a4 Rdh8 19. Rfd1 f4 20. exf4 Rxh3 21. gxh3 Qxh3 22. Nh2 Qxh2+ 23. Kf1 Qxf4 24. Qxd5 Nf6 25. Qg2 Ng4 26. Rd3 Rh1+ 27. Ke2 Rxa1 28. Rd4 Ra2+ 0-1